 Dungeon Crawl Stone Soup version 0.30-a0-557-ge2afbf3030 (webtiles) character file.

Game seed: 15682387510983499286

256751 porpoise the End of an Era (level 19, -3/172 HPs)
             Began as a Hill Orc Monk on Dec 27, 2022.
             Was the Champion of Qazlal.
             Slain by a +2 heavy dire flail (12 damage)
             ... on level 2 of the Elven Halls on Dec 28, 2022.
             The game lasted 02:54:24 (41354 turns).

porpoise the End of an Era (Hill Orc Monk)         Turns: 41354, Time: 02:54:24

Health: -3/172     AC: 24    Str: 22    XL:     19   Next: 82%
Magic:  34/34      EV: 22    Int: 10    God:    Qazlal [******]
Gold:   147        SH: 29    Dex: 16    Spells: 18/18 levels left

rFire   . . .      SeeInvis +    a - +9 broad axe (freeze)
rCold   . . .      Faith    .    P - +2 tower shield "Loul" {Will+ SInv}
rNeg    . . .      Spirit   .    y - +3 swamp dragon scales
rPois   +          Reflect  .    N - +1 hat "Olucw" {Will+ Dex+3}
rElec   .          Harm     .    W - +1 cloak of Starlight {*Dazzle EV+4 Stlth--}
rCorr   +          Rampage  .    V - +0 pair of gloves
Will    +++..      Clarity  +    m - +0 pair of boots Stlth
                                 k - amulet of regeneration
HPRegen 1.28/turn                r - +4 ring of evasion
MPRegen 0.24/turn                T - ring of resist corrosion

@: protected from physical damage, repel missiles
A: horns 1, clarity
}: 2/15 runes: decaying, gossamer
a: Renounce Religion, Upheaval, Elemental Force, Disaster Area


You were on level 2 of the Elven Halls.
You worshipped Qazlal.
Qazlal was exalted by your worship.
You visited 7 branches of the dungeon, and saw 33 of its levels.
You visited the Abyss 1 time.
You also visited: Sewer, Ossuary and Bailey.

You collected 4843 gold pieces.
You spent 4696 gold pieces at shops.

Inventory:

Hand Weapons
 a - a +9 broad axe of freezing (weapon)
 d - a +5 broad axe of flaming
Missiles
 b - 2 silver javelins
 n - 4 curare-tipped darts
 X - 11 boomerangs (quivered)
Armour
 m - a +0 pair of boots (worn)
 y - +3 swamp dragon scales (worn)
 N - the +1 hat "Olucw" (worn) {Will+ Dex+3}
   (You found it on level 4 of the Spider Nest)

   Dex:       It affects your dexterity (+3).
   Will:      It increases your willpower.
 P - the +2 tower shield "Loul" (worn) {Will+ SInv}
   (You took it off Louise on level 4 of the Swamp)

   SInv:      It lets you see invisible.
   Will:      It increases your willpower.
 V - a +0 pair of gloves (worn)
 W - the +1 cloak of Starlight (worn) {*Dazzle EV+4 Stlth--}
   (You found it on level 1 of the Lair of Beasts)

   It may blind those who miss an attack against the wearer in melee combat.
   EV:        It affects your evasion (+4).
   Stlth:     It makes you much less stealthy.
Jewellery
 k - an amulet of regeneration (around neck)
 r - a +4 ring of evasion (left hand)
 L - a ring of protection from fire
 O - the ring "Foicish" {*Slow Fly rElec Str+2 Dex+2}
   (You found it on level 13 of the Dungeon)

   [ring of flight]

   Str:       It affects your strength (+2).
   Dex:       It affects your dexterity (+2).
   rElec:     It insulates you from electricity.
   Fly:       It grants you flight.
   *Slow:     It may slow you when you take damage.
 T - a ring of resist corrosion (right hand)
Wands
 l - a wand of flame (71)
 t - a wand of polymorph (20)
 D - a wand of paralysis (28)
 I - a wand of mindburst (4)
 J - a wand of roots (47)
 Q - a wand of digging (6)
 U - a wand of quicksilver (4)
Scrolls
 e - 3 scrolls of vulnerability
 q - a scroll of silence
 u - 10 scrolls of teleportation
 v - 2 scrolls of blinking
 x - 3 scrolls of magic mapping
 B - 6 scrolls of fear
 F - 5 scrolls of fog
 S - 2 scrolls of poison
Potions
 c - 2 potions of heal wounds
 f - 8 potions of ambrosia
 i - 8 potions of attraction
 o - 2 potions of invisibility
 p - 6 potions of cancellation
 s - 5 potions of haste
 A - 6 potions of resistance
 E - 7 potions of lignification
 K - 15 potions of curing
 R - 4 potions of might
Miscellaneous
 h - a condenser vane
 j - a phial of floods
 G - a tin of tremorstones (2/2)


   Skills:
 - Level 16.0 Fighting
 - Level 4.0 Short Blades
 - Level 18.0 Axes
 + Level 8.3 Throwing
 - Level 14.0 Armour
 + Level 10.4 Dodging
 - Level 1.5 Stealth
 + Level 14.5 Shields
 - Level 22.0 Invocations
 - Level 9.0 Evocations


You had 18 spell levels left.
You didn't know any spells.
Your spell library contained the following spells:

 Spells                   Type           Power      Damage    Failure   Level
 Kiss of Death            Conj/Necr      0%         2d5       90%         1
 Magic Dart               Conj           0%         1d3       90%         1
 Necrotise                Necr           0%         1d4       90%         1
 Sandblast                Erth           0%         2d4       90%         1
 Summon Small Mammal      Summ           0%         N/A       90%         1
 Passwall                 Tmut/Erth      0%         N/A       97%         2
 Searing Ray              Conj           0%         2d4       97%         2
 Sublimation of Blood     Necr           0%         N/A       97%         2
 Call Canine Familiar     Summ           0%         N/A       99%         3
 Confusing Touch          Hex            0%         N/A       99%         3
 Gell's Gravitas          Tloc           0%         N/A       99%         3
 Ignite Poison            Fire/Tmut/Pois 0%         N/A       99%         3
 Kindle Blastsparks       Fire/Tloc/Air  0%         2d10      99%         3
 Lesser Beckoning         Tloc           0%         N/A       99%         3
 Ozocubu's Armour         Ice            0%         N/A       99%         3
 Stone Arrow              Conj/Erth      0%         3d7       99%         3
 Summon Guardian Golem    Hex/Summ       0%         N/A       99%         3
 Teleport Other           Tloc           0%         N/A       99%         3
 Tukima's Dance           Hex            0%         N/A       99%         3
 Vampiric Draining        Necr           0%         2d6       99%         3
 Anguish                  Hex/Necr       0%         N/A       100%        4
 Animate Dead             Necr           0%         N/A       100%        4
 Dispel Undead            Necr           0%         3d6       100%        4
 Fulminant Prism          Conj/Hex       0%         3d5       100%        4
 Passage of Golubria      Tloc           0%         N/A       100%        4
 Petrify                  Tmut/Erth      0%         N/A       100%        4
 Agony                    Necr           0%         N/A       100%        5
 Alistair's Intoxication  Tmut/Pois      0%         N/A       100%        5
 Blade Hands              Tmut           0%         N/A       100%        5
 Borgnjor's Vile Clutch   Necr/Erth      0%         N/A       100%        5
 Freezing Cloud           Conj/Ice/Air   0%         6-21      100%        5
 Irradiate                Conj/Tmut      0%         3d11      100%        5
 Iskenderun's Battlesphe  Conj           0%         2d6       100%        5
 Metabolic Englaciation   Hex/Ice        0%         N/A       100%        5
 Summon Forest            Summ/Tloc      0%         N/A       100%        5
 Yara's Violent Unravell  Hex/Tmut       0%         3d3       100%        5
 Death Channel            Necr           0%         N/A       100%        6
 Eringya's Noxious Bog    Tmut/Pois      0%         N/A       100%        6
 Iron Shot                Conj/Erth      0%         9d1       100%        6
 Simulacrum               Ice/Necr       0%         N/A       100%        6
 Dragon Form              Tmut           0%         N/A       100%        7
 Enfeeble                 Hex            0%         N/A       100%        7
 Spellforged Servitor     Conj/Summ      0%         N/A       100%        7


Dungeon Overview and Level Annotations

Branches:
Dungeon (15/15)            Temple (1/1) D:4            Lair (5/5) D:11
  Swamp (4/4) Lair:3       Spider (4/4) Lair:3        Slime (0/5) Lair:5
    Orc (2/2) D:10            Elf (2/3) Orc:2        Vaults (0/5) D:13
 Depths (0/4) D:15          Sewer (visited)         Ossuary (visited)
 Bailey (visited)

Altars:
Ashenzari
Cheibriados
Dithmenos
Elyvilon
Fedhas
Gozag
Hepliaklqana
Kikubaaqudgha
Makhleb
Nemelex Xobeh
Okawaru
Qazlal
Ru
Sif Muna
Trog
Uskayaw
Vehumet
Wu Jian
Xom
Yredelemnul
Zin
The Shining One
Beogh

Shops:
D:3 =[(?   Orc:2 [*[[   Elf:1 !

Annotations:
Lair:3 1 runed translucent door, exclusion: oklob plant, sokol815's ghost, journeyman KoDe
Swamp:3 1 runed translucent door
Elf:2 5 runed translucent doors


Innate Abilities, Weirdness & Mutations

You have a pair of small horns on your head.
You possess an exceptional clarity of mind.


Message History

You block the +2 heavy dire flail's attack.
You block the +1 trident of protection's attack.
You barely miss the +1 trident of protection.
Your headbutt misses the +1 trident of protection.
You miss the +2 heavy dire flail.
You block the +2 heavy dire flail's attack.
The +1 trident of protection hits you but does no damage.
You miss the +1 trident of protection.
You headbutt the +1 trident of protection, but do no damage.
You closely miss the +2 heavy dire flail.
You block the +1 trident of protection's attack.
The +2 heavy dire flail closely misses you.
You closely miss the +1 trident of protection.
You closely miss the +2 heavy dire flail.
The +1 trident of protection hits you!
* * * LOW HITPOINT WARNING * * *
You block the +2 heavy dire flail's attack.
The +1 trident of protection hits you but does no damage.
You hit the +1 trident of protection.
You headbutt the +1 trident of protection, but do no damage.
The +1 trident of protection is lightly damaged.
You barely miss the +2 heavy dire flail.
The deep elf zephyrmancer gestures at you while chanting.
The bolt of lightning misses you.
You block the +1 trident of protection's attack.
You block the +2 heavy dire flail's attack.
You slice the +1 trident of protection!!
You freeze the +1 trident of protection.
The +1 trident of protection falls from the air.
Qazlal accepts your kill.
You hit the +2 heavy dire flail. The +2 heavy dire flail hits you!
* * * LOW HITPOINT WARNING * * *
You hit the +2 heavy dire flail. You headbutt the +2 heavy dire flail.
The +2 heavy dire flail is severely damaged.
You completely miss the deep elf zephyrmancer.
The deep elf zephyrmancer casts a spell at you.
The bolt of lightning misses you.
The bolt of lightning misses the +2 heavy dire flail.
The +2 heavy dire flail hits you!
You die...

## #### ##### # .#
##.####..####...####
..##...##....##.....##.
.......................
......................)
#...)..............)
##.....#...........)
##()○###...........
#)@§## ####+++++###
#..e☼# ##(..##
....○.°§°# #...#
...........# #...
..........## ..
.........## .........#
..........


You could see a deep elf zephyrmancer and a +2 heavy dire flail.

Vanquished Creatures
  Jorgrun (Elf:1)
  A lich (Abyss:3)
  Mlioglotl (Spider:1)
  Asterion (Elf:1)
  A deep elf blademaster (Elf:2)
  An Executioner (Abyss:3)
  2 tentacled starspawn (Abyss:3)
  Kirke (Spider:2)
  2 thorn hunters
  The ghost of Jase the Severer, a journeyman HOFi of Zin (Spider:1)
  3 fenstrider witches (Swamp:3)
  7 emperor scorpions
  A ghost moth (Spider:4)
  Aizul (Swamp:2)
  Louise (Swamp:4)
  4 broodmothers
  The ghost of snackwell the Fighter, a journeyman VSFi of Uskayaw (Spider:1)
  7 eleionomae
  3 very ugly things (Abyss:3)
  Azrael (Lair:3)
  7 bunyips
  4 spark wasps
  7 entropy weavers
  2 jorogumos
  17 hydras
  3 catoblepae (Lair:5)
  4 centaur warriors (D:13)
  5 boulder beetles
  5 radroaches
  3 ghost crabs (Swamp:4)
  13 dancing weapons (Elf:2)
  5 two-headed ogres
  17 death yaks
  4 alligators
  A tengu warrior (D:13)
  11 deep elf knights
  A wretched star (Abyss:3)
  A sixfirhy (Abyss:3)
  3 goliath frogs
  7 pharaoh ants
  8 steelbarb worms
  5 spriggan druids
  3 sun moths (Spider:2)
  11 orb spiders
  9 swamp dragons
  2 lindwurms
  4 bog bodies
  17 deep elf pyromancers
  A wolf spider zombie (D:15)
  3 deep elf archers (Elf:1)
  9 deep elf zephyrmancers
  18 ugly things
  An orc sorcerer (Orc:1)
  A necromancer (D:15)
  4 manticores
  34 wolf spiders
  8 orc knights
  8 will-o-the-wisps
  An oklob plant (Lair:5)
  2 cyclopes (D:14)
  5 moths of wrath
  19 elephants
  Maurice (Orc:2)
  5 black mambas
  4 torpor snails
  3 naga magi (D:15)
  3 gargoyles
  10 cane toads
  2 centaur skeletons
  3 rime drakes
  4 kobold demonologists
  19 demonic crawlers
  A freezing wraith (D:15)
  9 komodo dragons
  2 efreet
  2 tengu conjurers (D:13)
  7 trolls
  A harpy zombie (D:15)
  A polar bear (shapeshifter) (D:13)
  A queen bee (D:12)
  11 hornets
  5 tyrant leeches
  A tarantella (shapeshifter) (D:13)
  21 tarantellas
  3 polar bears
  5 blink frogs (Lair:3)
  6 meliai
  Prince Ribbit (D:5)
  27 jumping spiders
  A slime creature (Lair:4)
  2 shadows
  4 basilisks
  20 culicivoras
  A culicivora (shapeshifter) (D:12)
  10 spriggans
  An air elemental (Elf:1)
  2 wyverns
  2 fire elementals
  5 hogs (Spider:2)
  2 wraiths
  55 yaks
  Grum (D:8)
  A human (shapeshifter) (D:15)
  60 redbacks
  A redback (shapeshifter) (D:13)
  14 vampire mosquitoes
  4 steam dragons
  20 swamp worms
  12 wargs
  3 large abominations (Abyss:3)
  4 hell hounds
  2 acid dragons
  16 water moccasins
  3 small abominations (Abyss:3)
  2 sky beasts
  7 swamp drakes (Swamp:4)
  2 ice beasts (D:7)
  49 orc warriors
  A hornet zombie (D:15)
  2 black bears
  4 ogres
  19 wolves
  7 centaurs
  4 kobold brigands
  9 bullfrogs
  3 gnoll sergeants
  3 necrophages
  3 elf skeletons (D:8)
  3 scorpions
  5 wights (D:10)
  26 killer bees
  A howler monkey (D:6)
  11 electric eels
  2 crimson imps (Abyss:3)
  4 hounds
  Crazy Yiuf (D:6)
  15 orc priests
  11 jellies
  Ijyb (D:5)
  A gnoll bouda (D:6)
  4 iguanas
  22 orc wizards
  A boggart skeleton (D:15)
  7 hell rats (Lair:2)
  8 mummies (Ossuary)
  3 adders
  29 gnolls
  4 river rats (Lair:2)
  A shadow imp (D:7)
  A white imp (D:7)
  3 ufetubi
  2 worms
  A dart slug (D:2)
  91 orcs
  9 ball pythons
  7 bats
  22 endoplasms
  7 giant cockroaches
  29 goblins
  11 hobgoblins
  7 jackals
  31 kobolds
  8 quokkas
  5 frilled lizards
  A hobgoblin zombie (Ossuary)
  2 kobold zombies (Ossuary)
  3 orc skeletons (D:8)
  5 orc zombies (Ossuary)
  15 rats
  A spectral goblin (D:9)
  16 briar patches
  79 bushes (Lair:1)
  3 starspawn tentacles
1372 creatures vanquished.

Vanquished Creatures (collateral kills)
  The ghost of bakla the Brawler, a journeyman TrMo of Wu Jian (Spider:2)
  An orc warlord (Bailey)
  An eleionoma (Swamp:1)
  A shambling mangrove (Swamp:1)
  3 death yaks (Lair:1)
  A deep elf knight (Elf:2)
  A spriggan druid (Swamp:1)
  3 hornets (Swamp:1)
  A jumping spider (Spider:1)
  3 spriggans (Swamp:1)
  A redback (Spider:2)
  A vampire mosquito (Swamp:1)
  An earth elemental (Elf:1)
19 creatures vanquished.

Vanquished Creatures (others)
  A fenstrider witch (Swamp:2)
  An alligator (Swamp:4)
  A goliath frog (Swamp:3)
  A deep elf zephyrmancer (Elf:2)
  A will-o-the-wisp (Swamp:2)
  A tyrant leech (Swamp:2)
  4 bloated husks
  2 orc wizards
  3 orcs (Orc:1)
  A briar patch (Swamp:1)
  A bush (Lair:1)
  41 foxfires
  15 fungi
  38 plants
  6 starspawn tentacles
117 creatures vanquished.

Grand Total: 1508 creatures vanquished

Notes
Turn   | Place    | Note
-------+----------+-------------------------------------------
     0 | D:1      | porpoise the Hill Orc Monk began the quest for the Orb.
     0 | D:1      | Reached XP level 1. HP: 19/19 MP: 1/1
   217 | D:1      | Reached XP level 2. HP: 18/27 MP: 2/2
   932 | D:2      | Reached skill level 5 in Axes
  1032 | D:1      | Reached XP level 3. HP: 24/33 MP: 3/3
  1264 | D:2      | Found a faded altar of an unknown god.
  1603 | D:2      | Identified the +1 falchion of the Land of Plenty {venom,
                  | Str+6 Dex+3}
  1991 | D:2      | Reached XP level 4. HP: 41/41 MP: 4/4
  2000 | D:2      | Got the Folio of Bewitchment and the Tesseract
  2208 | D:3      | Noticed a scorpion
  2412 | D:2      | Killed a scorpion
  2413 | D:2      | Reached XP level 5. HP: 47/47 MP: 5/5
  2578 | D:3      | Reached skill level 5 in Fighting
  2758 | D:3      | Found Deugguol's Antique Weapon Shop.
  2787 | D:3      | Found Miahe's Jewellery Emporium.
  2875 | D:3      | Found Lamoirez's Magic Scroll Emporium.
  2960 | D:3      | Found Qierchuo's Antique Armour Emporium.
  3101 | D:4      | Found a burning altar of Makhleb.
  3129 | D:4      | Found a glowing drain.
  3144 | D:4      | Identified the +1 helmet of Sif Muna's Indignation {MP+9}
  3167 | Sewer    | Entered a sewer
  3240 | Sewer    | Noticed a kobold brigand
  3254 | Sewer    | Killed a kobold brigand
  3255 | Sewer    | Reached XP level 6. HP: 44/56 MP: 6/6
  3948 | D:4      | Reached XP level 7. HP: 50/62 MP: 7/7
  4413 | D:4      | Reached skill level 1 in Short Blades
  4725 | D:4      | Found a staircase to the Ecumenical Temple.
  4731 | Temple   | Entered the Ecumenical Temple
  4888 | Temple   | Became a worshipper of Qazlal Stormbringer
  4888 | Temple   | Reached * piety under Qazlal
  4888 | Temple   | Reached ** piety under Qazlal
  4987 | D:5      | Entered Level 5 of the Dungeon
  4995 | D:5      | Noticed Prince Ribbit
  5024 | D:5      | Killed Prince Ribbit
  5374 | D:3      | Bought a runed broad axe for 224 gold pieces
  5454 | D:5      | Reached XP level 8. HP: 71/73 MP: 8/8
  5473 | D:5      | Noticed Ijyb
  5490 | D:5      | Killed Ijyb
  5677 | D:5      | You fall into a shaft and drop 3 floors!
  5742 | D:8      | Reached skill level 1 in Invocations
  5748 | D:8      | Found a sand-covered staircase.
  5754 | Ossuary  | Entered an ossuary
  6062 | D:8      | Found a blossoming altar of Fedhas.
  6081 | D:8      | Found a flagged portal.
  6087 | Bailey   | Entered a bailey
  6965 | Bailey   | Reached skill level 2 in Invocations
  7016 | Bailey   | Reached *** piety under Qazlal
  7081 | Bailey   | Reached skill level 10 in Axes
  7081 | Bailey   | Reached skill level 3 in Invocations
  7093 | Bailey   | Reached skill level 4 in Invocations
  7093 | Bailey   | Reached XP level 9. HP: 65/81 MP: 12/12
  7162 | Bailey   | Noticed an orc knight
  7173 | Bailey   | Killed an orc knight
  7176 | Bailey   | HP: 3/82 [orc warrior/+0 hand axe (15)]
  7186 | Bailey   | Reached skill level 5 in Invocations
  7412 | Bailey   | Noticed an orc warlord
  7412 | Bailey   | Noticed an orc knight
  7417 | Bailey   | Reached skill level 15 in Axes
  7417 | Bailey   | Reached skill level 9 in Invocations
  7417 | Bailey   | Reached XP level 10. HP: 95/95 MP: 12/16
  7441 | Bailey   | Killed an orc warlord
  7454 | Bailey   | Killed an orc knight
  7964 | D:8      | Found an opulent altar of Gozag.
  7972 | D:8      | Reached skill level 10 in Invocations
  8053 | D:8      | Noticed Grum
  8060 | D:8      | Reached XP level 11. HP: 94/102 MP: 18/18
  8063 | D:8      | Killed Grum
  8198 | D:8      | Noticed a manticore
  8207 | D:8      | Killed a manticore
  8208 | D:8      | Reached skill level 11 in Invocations
  8475 | D:8      | Acquired 1076 gold pieces
  8477 | D:8      | Acquired the +9 war axe of Ryaruxom {holy, rElec rN+ Int-4
                  | Dex+5}
  9107 | D:9      | Identified the +1 ring mail of Filth {rC+ Will+}
  9428 | D:9      | Noticed a two-headed ogre
  9435 | D:9      | Killed a two-headed ogre
  9436 | D:9      | Reached skill level 12 in Invocations
  9686 | D:9      | Found a hazy altar of Hepliaklqana.
 10158 | D:10     | Entered Level 10 of the Dungeon
 10191 | D:10     | Reached skill level 13 in Invocations
 10289 | D:10     | Reached **** piety under Qazlal
 10494 | D:10     | Found a staircase to the Orcish Mines.
 10732 | D:10     | Noticed a two-headed ogre
 10739 | D:10     | Killed a two-headed ogre
 10740 | D:10     | Reached skill level 14 in Invocations
 11298 | D:10     | Found an ornate altar of the Wu Jian Council.
 11300 | D:10     | Found an ancient bone altar of Kikubaaqudgha.
 11485 | D:11     | Found a staircase to the Lair.
 11493 | D:11     | Reached skill level 1 in Armour
 11493 | D:11     | Reached skill level 1 in Shields
 11691 | D:11     | Noticed a two-headed ogre
 11696 | D:11     | Killed a two-headed ogre
 12319 | D:11     | Reached XP level 12. HP: 110/110 MP: 22/22
 12489 | Lair:1   | Entered Level 1 of the Lair of Beasts
 12574 | Lair:1   | Found a transporter.
 13160 | Lair:1   | Noticed a death yak
 13163 | Lair:1   | Noticed a death yak
 13164 | Lair:1   | Noticed a death yak
 13166 | Lair:1   | Noticed a death yak
 13176 | Lair:1   | Killed a death yak
 13176 | Lair:1   | Killed a death yak
 13178 | Lair:1   | Killed a death yak
 13179 | Lair:1   | Reached skill level 5 in Armour
 13179 | Lair:1   | Reached skill level 5 in Shields
 13179 | Lair:1   | Killed a death yak
 13180 | Lair:1   | Reached skill level 5 in Dodging
 13802 | Lair:1   | Found a transporter.
 13802 | Lair:1   | Found the +1 cloak of Starlight {*Dazzle EV+4 Stlth--}
 14332 | Lair:1   | Identified the ring "Ihecrim" {rPois rC+++ MP-9 Slay-6
                  | SInv}
 14334 | Lair:1   | Identified the +8 trident of Owkuasom {flame, rF- rN+
                  | Int+4}
 15023 | Lair:2   | Reached skill level 15 in Invocations
 15069 | Lair:2   | Acquired 383 gold pieces
 15288 | Lair:2   | Noticed a boulder beetle
 15298 | Lair:2   | Killed a boulder beetle
 15299 | Lair:2   | Reached XP level 13. HP: 108/118 MP: 24/24
 16193 | Lair:3   | Found a hole to the Spider Nest.
 16196 | Lair:3   | Reached skill level 16 in Invocations
 16450 | Lair:3   | Found a staircase to the Swamp.
 16883 | Lair:3   | Found a runed translucent door.
 16962 | Lair:3   | Noticed sokol815's ghost (journeyman KoDe)
 17388 | D:6      | Found a sacrificial altar of Ru.
 17698 | D:3      | Bought a shimmering scale mail for 279 gold pieces
 17698 | D:3      | Identified the +1 scale mail of Gluttony {-Cast rC+ Str+6}
                  | (You bought it in a shop on level 3 of the Dungeon)
 17698 | D:3      | Bought the +2 hood of the Assassin {Detection Stab+
                  | Stlth++} for 1860 gold pieces
 17698 | D:3      | Found the +2 hood of the Assassin {Detection Stab+ Stlth++}
 17926 | D:5      | Found an iron altar of Okawaru.
 18592 | D:6      | Found a runed translucent door.
 18593 | D:6      | Noticed Crazy Yiuf
 18598 | D:6      | Killed Crazy Yiuf
 18977 | D:7      | Found a glowing golden altar of the Shining One.
 19049 | D:7      | Found a broken altar of Ashenzari.
 19156 | D:7      | Found a shimmering blue altar of Sif Muna.
 19987 | Lair:4   | Reached ***** piety under Qazlal
 20067 | Lair:4   | Reached skill level 17 in Invocations
 20112 | Lair:4   | Reached skill level 5 in Evocations
 20178 | Lair:4   | Identified the +5 spear of Desperation {heavy, rElec}
 20309 | Lair:4   | Reached XP level 14. HP: 126/126 MP: 26/26
 21270 | Lair:5   | Entered Level 5 of the Lair of Beasts
 21291 | Lair:5   | Reached skill level 18 in Invocations
 22666 | D:3      | Bought an amulet of regeneration for 390 gold pieces
 22937 | Lair:5   | Reached XP level 15. HP: 60/132 MP: 28/28
 23083 | Lair:5   | Reached skill level 19 in Invocations
 23307 | Lair:5   | Found a staircase to the Slime Pits.
 23973 | D:12     | Reached ****** piety under Qazlal
 24619 | D:13     | Identified the +8 dagger "Surow" {pain, Dex+4}
 24755 | D:13     | Identified the ring "Foicish" {*Slow Fly rElec Str+2 Dex+2}
 25256 | D:13     | Found a gate to the Vaults.
 25480 | D:14     | Reached skill level 20 in Invocations
 25730 | D:14     | Found a radiant altar of Vehumet.
 25783 | D:14     | Found a sacrificial altar of Ru.
 25783 | D:14     | Found an ornate altar of the Wu Jian Council.
 25785 | D:14     | Found a stormy altar of Qazlal.
 25785 | D:14     | Found a shimmering altar of Xom.
 25785 | D:14     | Found a broken altar of Ashenzari.
 25820 | D:15     | Entered Level 15 of the Dungeon
 25928 | D:15     | Found a burning altar of Makhleb.
 26350 | D:15     | Found a staircase to the Depths.
 27081 | Orc:1    | Entered Level 1 of the Orcish Mines
 27108 | Orc:1    | Reached XP level 16. HP: 107/145 MP: 30/30
 27280 | Orc:1    | Found a roughly hewn altar of Beogh.
 27890 | Orc:2    | Entered Level 2 of the Orcish Mines
 27890 | Orc:2    | Found a roughly hewn altar of Beogh.
 27929 | Orc:2    | Reached skill level 21 in Invocations
 27968 | Orc:2    | Noticed Maurice
 27995 | Orc:2    | Killed Maurice
 28016 | Orc:2    | Found a staircase to the Elven Halls.
 28214 | Orc:2    | Reached skill level 10 in Armour
 28214 | Orc:2    | Found a roughly hewn altar of Beogh.
 28427 | Orc:2    | Found Oroisait's Armour Emporium.
 28427 | Orc:2    | Found Halid's Antique Armour Shop.
 28476 | Orc:2    | Found Ogrorgh's Armour Emporium.
 28476 | Orc:2    | Found Oviub's Assorted Antiques.
 28728 | Orc:2    | Bought a pair of embroidered gloves for 195 gold pieces
 28987 | Swamp:1  | Entered Level 1 of the Swamp
 29003 | Swamp:1  | HP: 4/147 [spriggan rider/+0 spear (14)]
 29013 | Lair:3   | HP: 4/147 [bunyip (37)]
 29134 | Swamp:1  | Paralysed by a hornet for 1 turns
 29327 | Swamp:1  | Noticed a thorn hunter
 29343 | Swamp:1  | Killed a thorn hunter
 29428 | Swamp:1  | Found a bloodstained altar of Trog.
 29655 | Swamp:2  | Noticed a fenstrider witch
 29739 | Swamp:2  | Killed a fenstrider witch
 29837 | Swamp:1  | Reached skill level 15 in Fighting
 30081 | Swamp:2  | Noticed a thorn hunter
 30088 | Swamp:2  | Killed a thorn hunter
 30738 | Lair:1   | Gained mutation: You have a pair of small horns on your
                  | head. [potion of mutation]
 30738 | Lair:1   | Gained mutation: You possess an exceptional clarity of
                  | mind. [potion of mutation]
 30839 | Swamp:3  | Noticed Aizul
 30850 | Swamp:2  | Killed Aizul
 30994 | Swamp:3  | Noticed a fenstrider witch
 30994 | Swamp:3  | Noticed a fenstrider witch
 30995 | Swamp:3  | Noticed a fenstrider witch
 31000 | Swamp:3  | Killed a fenstrider witch
 31002 | Swamp:3  | Killed a fenstrider witch
 31004 | Swamp:3  | Killed a fenstrider witch
 31230 | Swamp:3  | Reached XP level 17. HP: 110/156 MP: 27/31
 31514 | Swamp:3  | Found a runed translucent door.
 31669 | Swamp:4  | Entered Level 4 of the Swamp
 31709 | Swamp:4  | Reached skill level 10 in Shields
 31881 | Swamp:4  | Reached skill level 1 in Throwing
 32131 | Swamp:4  | Identified the +2 tower shield "Loul" {Will+ SInv}
 32131 | Swamp:4  | Noticed Louise
 32171 | Abyss:3  | Cast into level 3 of the Abyss (Louise)
 32203 | Abyss:3  | Noticed a lich
 32217 | Abyss:3  | Noticed a tentacled starspawn
 32218 | Abyss:3  | Killed a lich
 32225 | Abyss:3  | Killed a tentacled starspawn
 32258 | Abyss:3  | Noticed a tentacled starspawn
 32260 | Abyss:3  | Noticed an Executioner
 32264 | Abyss:3  | Reached skill level 5 in Throwing
 32267 | Abyss:3  | Killed a tentacled starspawn
 32270 | Abyss:3  | Killed an Executioner
 32282 | Swamp:4  | Escaped the Abyss
 32282 | Swamp:4  | HP: 6/158 [Louise/+0 demon trident of pain (5)]
 32435 | Swamp:4  | Killed Louise
 32672 | Swamp:4  | Got a decaying rune of Zot
 33147 | Spider:1 | Entered Level 1 of the Spider Nest
 33147 | Spider:1 | Noticed Azrael
 33288 | Lair:3   | Killed Azrael
 33577 | Spider:1 | Reached XP level 18. HP: 112/166 MP: 0/32
 34157 | Spider:1 | Found a runed translucent gate.
 34157 | Spider:1 | Found a runed translucent gate.
 34157 | Spider:1 | Found a runed translucent gate.
 34162 | Spider:1 | Noticed Mlioglotl
 34163 | Spider:1 | Noticed snackwell's ghost (journeyman VSFi)
 34163 | Spider:1 | Noticed Jase's ghost (journeyman HOFi)
 34179 | Spider:1 | Killed Mlioglotl
 35162 | Spider:1 | Killed Jase's ghost
 35183 | Spider:1 | Killed snackwell's ghost
 35568 | Spider:2 | Found a large runed translucent door.
 35569 | Spider:2 | Found a large runed translucent door.
 35691 | Spider:2 | Noticed bakla's ghost (journeyman TrMo)
 35711 | Spider:2 | Killed bakla's ghost
 35919 | Spider:2 | Noticed Kirke
 35933 | Spider:2 | Killed Kirke
 36067 | Spider:2 | Reached skill level 22 in Invocations
 37572 | Orc:2    | Bought a +0 pair of gloves for 58 gold pieces
 38585 | Orc:2    | Bought faintly glowing ice dragon scales for 1690 gold
                  | pieces
 38585 | Orc:2    | Identified the +1 ice dragon scales "Gotra" {-Tele +Inv rF-
                  | rC++ Regen+ Int+6 Dex+4} (You bought it in a shop on level
                  | 2 of the Orcish Mines)
 38886 | Spider:4 | Entered Level 4 of the Spider Nest
 39021 | Spider:4 | Reached XP level 19. HP: 158/172 MP: 34/34
 40215 | Spider:4 | Got a gossamer rune of Zot
 40232 | Spider:4 | Identified the +1 hat "Olucw" {Will+ Dex+3}
 40942 | Elf:1    | Entered Level 1 of the Elven Halls
 41048 | Elf:1    | Found Ziax's Distillery.
 41050 | Elf:1    | Noticed Jorgrun
 41060 | Elf:1    | Noticed Asterion
 41062 | Elf:1    | Killed Jorgrun
 41074 | Elf:1    | Killed Asterion
 41079 | Elf:1    | Reached skill level 10 in Dodging
 41154 | Elf:2    | Found a huge runed translucent gate.
 41154 | Elf:2    | Found a huge runed translucent gate.
 41154 | Elf:2    | Found a huge runed translucent gate.
 41154 | Elf:2    | Found a huge runed translucent gate.
 41303 | Elf:2    | Found a huge runed translucent gate.
 41353 | Elf:2    | HP: 8/172 [+2 heavy dire flail (14)]
 41354 | Elf:2    | Slain by a +2 heavy dire flail

Illustrated notes

Levels and vault maps discovered:
D:1:      dpeg_arrival_rooms_with_view, layout_basic
D:2:      layout_basic, chequers_ecumenical_altar_simple, minivault_11
D:3:      layout_rooms, serial_corexii_hall, chequers_hall_statues_corner_a,
          chequers_hall_statues_y, serial_shops, nicolae_shop_waterfront, shop,
          shop, shop_fountains
D:4:      layout_gridville, mainiacjoe_overflow_concentric_impassable,
          minmay_temple_entry_nine_rooms, portal_sewer_entry_a,
          minmay_misc_feat_rows, dreamdust_gnoll_farm
D:5:      layout_basic, okawaru_altar_gauntlet_db, uniq_ijyb,
          uniq_prince_ribbit1
D:6:      layout_basic, old_standard_altar, nicolae_elevator_lobby_asterisk,
          uniq_crazy_yiuf_cottage
D:7:      layout_basic, lemuel_round_altar, mainiacjoe_overflow_six_doors_small,
          kennysheep_little_box
D:8:      layout_loops_ring, mainiacjoe_overflow_small_starburst,
          fedhas_ov_isle_minmay, enter_bailey_3,
          nicolae_ossuary_entry_catacombs, uniq_grum
D:9:      layout_stronghold, nicolae_hepliaklqana_monster_ancestors
D:10:     layout_basic, nicolae_overflow_hidden_temple, erik_orc_2
D:11:     layout_basic, david_lair_shrubbed
D:12:     layout_irregular_city, minivault_7
D:13:     layout_basic, david_vaults_2, chequers_serial_rivers_room_a
D:14:     layout_big_octagon, doesnt_xom_only_xom, kennysheep_generic_room_13
D:15:     grunt_enter_depths_magical_seal, layout_basic, bloody_makhleb
Temple:   chequers_temple_sunken
Lair:1:   gammafunk_worm_tunnel, layout_cave_pods, minmay_hedge_maze,
          lemuel_fruit_tree, grunt_megastairs_2, serial_bayou_shore_b,
          serial_bayou_shore_b
Lair:2:   layout_small_grid, kennysheep_abandoned_house
Lair:3:   layout_loops_ring, swamp_mist, nicolae_spider_entry_orb_guardian,
          ebering_ghost_reflecting_pool, serial_bayou_shore_a
Lair:4:   lemuel_slime, layout_small_grid, grunt_megastairs_4
Lair:5:   evilmike_catoblepas_cave, layout_cave_shapes, slime_entry_1
Swamp:1:  layout_basic_swamp, lemuel_altar_in_water2, swamp_pool2,
          infiniplex_staircase_pool_2
Swamp:2:  layout_basic_swamp, evilmike_swamp_ruin_wall, swamp_pool3
Swamp:3:  layout_basic_swamp, evilmike_swamp_ruin_house_6, swamp_pool3,
          nzn_swamp_weyward_sisters, uniq_aizul
Swamp:4:  swamp_alternative, layout_basic_swamp, swamp_pool5, uniq_louise
Spider:1: layout_chambers, gammafunk_ghost_cemetery, hellmonk_narrow_tunnel,
          uniq_mlioglotl, uniq_azrael
Spider:2: layout_spider_delve, ebering_ghost_disaster_area,
          nicolae_spider_webs_and_nodes, uniq_kirke
Spider:3: layout_spider_delve, hangedman_spider_tarantella_strand
Spider:4: grunt_spider_rune_circles
Orc:1:    cheibrodos_orc_guarddog, layout_diamond_mine, basic_altar,
          elves_outpost_lemuel
Orc:2:    st_orc_town, layout_caves, basic_altar, uniq_maurice
Elf:1:    eino_elf_arrival_customs, layout_loops_ring,
          portal_ice_cave_entry_ice_statue_two, serial_shops,
          nicolae_shop_statue_plus, hangedman_elven_crosses_minicolossus,
          dreamdust_princess_corridor, uniq_asterion, uniq_jorgrun
Elf:2:    elven_hall_of_blades_hangedman_alternative
          [nicolae_blade_entry_antechamber], layout_gridlike,
          gammafunk_ghost_grave, minivault_5

Skill      XL: |  1  2  3  4  5  6  7  8  9 10 11 12 13 14 15 16 17 18 19 |
---------------+----------------------------------------------------------+-----
Fighting       | 4 5 7 8 11 12 13 15 16 | 16.0
Axes           | 5 6 7 8 10 15 16 17 18 | 18.0
Short Blades   | 3 4 |  4.0
Invocations    | 4 9 10 14 15 17 18 20 21 22 | 22.0
Evocations     | 2 5 7 9 |  9.0
Armour         | 2 6 9 11 12 14 | 14.0
Shields        | 2 5 7 9 12 14 | 14.5
Dodging        | 3 5 6 7 9 10 | 10.4
Throwing       | 6 8 |  8.3
Stealth        | |  1.5

Action                   |  1- 3 |  4- 6 |  7- 9 | 10-12 | 13-15 | 16-18 | 19-21 || total
-------------------------+-------+-------+-------+-------+-------+-------+-------++-------
Melee: Hand axe          |    97 |       |       |       |       |       |       ||    97
       Short sword       |    53 |   175 |   100 |       |       |       |       ||   328
       Broad axe         |       |       |   130 |   732 |   795 |  1025 |   320 ||  3002
       War axe           |       |       |       |    74 |       |     3 |       ||    77
       Trident           |       |       |       |       |    20 |    41 |       ||    61
       Headbutt          |       |       |       |       |       |   187 |    71 ||   258
Throw: Dart              |       |     9 |    14 |    24 |     1 |       |       ||    48
       Boomerang         |       |       |       |       |       |    14 |     4 ||    18
Invok: Upheaval          |       |       |     3 |    10 |     2 |     2 |       ||    17
       Elemental Force   |       |       |       |     2 |     1 |     6 |     2 ||    11
       Disaster Area     |       |       |       |       |       |     1 |       ||     1
Evoke: Wand              |       |       |       |     8 |    12 |     1 |     3 ||    24
       Phial of floods   |       |       |       |       |       |     1 |       ||     1
  Use: Scroll            |       |    11 |     3 |    11 |     6 |     4 |       ||    35
       Potion            |       |       |     8 |     7 |       |     7 |     1 ||    23
 Stab: Sleeping          |     5 |       |     1 |       |       |       |       ||     6
       Invisible         |       |       |       |     3 |    28 |    42 |    14 ||    87
       Distracted        |       |       |       |     1 |       |     1 |       ||     2
       Paralysed         |       |       |       |       |       |     2 |     1 ||     3
       Confused          |       |       |       |       |       |     1 |       ||     1
Armor: Robe              |    17 |    29 |    19 |       |       |       |       ||    65
       Skin              |       |       |     4 |       |       |       |       ||     4
       Ring mail         |       |       |    14 |    68 |   149 |    49 |       ||   280
       Swamp dragon scal |       |       |       |       |       |   327 |   109 ||   436
Dodge: Dodged            |    76 |   147 |   142 |   182 |   535 |   946 |   234 ||  2262
       Repelled          |       |       |       |     6 |     3 |    22 |     8 ||    39
Block: Buckler           |    23 |    34 |    50 |   129 |   428 |       |       ||   664
       Kite shield       |       |       |       |       |    22 |  1346 |   260 ||  1628
       Tower shield      |       |       |       |       |       |       |   184 ||   184

Table legend: (Time is in decaauts)
 A = Elapsed time spent in this place.
 B = Non-inter-level travel time spent in this place.
 C = Inter-level travel time spent in this place.
 D = Time resting spent in this place.
 E = Time spent auto-exploring this place.
 F = Levels seen in this place.
 G = Mean time per level.
                   A        B        C        D        E       F      G
               +--------+--------+--------+--------+--------+-----+--------+
         Total |  41131 |  35989 |   5142 |   9025 |  18499 |  37 | 1111.6 |
       Dungeon |  16440 |  14104 |   2336 |   2611 |   8887 |  15 | 1096.0 |
        Temple |    227 |    204 |     23 |      0 |    181 |   1 |  227.0 |
          Lair |  10035 |   8453 |   1582 |   2123 |   3872 |   5 | 2007.0 |
         Swamp |   3439 |   3243 |    196 |   1144 |   1413 |   4 |  859.8 |
   Spider Nest |   5993 |   5441 |    552 |   1465 |   2806 |   4 | 1498.2 |
  Orcish Mines |   1936 |   1485 |    451 |     85 |    970 |   2 |  968.0 |
   Elven Halls |    400 |    400 |      0 |    105 |     78 |   2 |  200.0 |
         Abyss |    147 |    147 |      0 |      4 |      1 |   1 |  147.0 |
         Sewer |    559 |    559 |      0 |    180 |    101 |   1 |  559.0 |
       Ossuary |    269 |    269 |      0 |     45 |     88 |   1 |  269.0 |
        Bailey |   1680 |   1680 |      0 |   1262 |    101 |   1 | 1680.0 |
               +--------+--------+--------+--------+--------+-----+--------+

Top non-repeatable levels by time:
  Lair:1: 3386 daAuts
  Lair:3: 2386 daAuts
Spider:1: 2081 daAuts
Spider:2: 2007 daAuts
    D:10: 1815 daAuts
  Bailey: 1680 daAuts
  Lair:5: 1528 daAuts
  Lair:4: 1429 daAuts
     D:2: 1408 daAuts
     D:8: 1400 daAuts
    D:11: 1372 daAuts
     D:9: 1311 daAuts
  Lair:2: 1304 daAuts
     D:4: 1262 daAuts
Spider:4: 1233 daAuts
